 Dungeon Crawl Stone Soup version 0.18-a0-884-gb6cfd45 (webtiles) character file.

385 benitares the Insei (level 6, 0/47 HPs)
             Began as a Demonspawn Monk on Dec 22, 2015.
             Was a Believer of Dithmenos.
             Killed by nerve-wracking pain
             ... invoked by Menkaure
              (12 damage)
             ... on level 4 of the Dungeon.
             The game lasted 00:07:45 (4671 turns).

benitares the Insei (Demonspawn Monk)               Turns: 4671, Time: 00:07:45

Health: 0/47       AC:  3    Str: 12    XL:     6   Next: 48%
Magic:  6/6        EV: 13    Int: 11    God:    Dithmenos [**....]
Gold:   174        SH:  0    Dex: 19    Spells: 0 memorised, 5 levels left

rFire  . . .     SeeInvis +       - Unarmed
rCold  . . .     Gourm    .     a - +0 robe
rNeg   . . .     Faith    .     (no shield)
rPois  .         Spirit   .     (no helmet)
rElec  .         Dismiss  .     u - +0 cloak
rCorr  .         Reflect  .     (no gloves)
SustAt .         Harm     .     (no boots)
MR     .....                    (no amulet)
Stlth  ++........               r - ring of see invisible
                                n - +2 ring of dexterity

@: confused, wreathed by umbra, not resistant to hostile enchantments,
unstealthy
A: hooves 2, nightstalker 1
a: Shadow Step, Renounce Religion


You were on level 4 of the Dungeon.
You worshipped Dithmenos.
Dithmenos was pleased with you.
You were not hungry.

You visited 2 branches of the dungeon, and saw 6 of its levels.

You collected 174 gold pieces.

Inventory:

Armour
 a - a +0 robe (worn)
 u - a +0 cloak (worn)
Jewellery
 l - an uncursed amulet of the gourmand
 n - a +2 ring of dexterity (left hand)
 r - a ring of see invisible (right hand)
 t - an uncursed ring of wizardry
Wands
 q - a wand of frost (27/48)
Scrolls
 c - a scroll of identify
 d - a scroll of noise {unknown}
 e - 3 scrolls of fear {unknown}
 h - 3 scrolls of remove curse
 j - 3 scrolls of blinking
 p - a scroll of amnesia {unknown}
Potions
 f - a potion of brilliance {unknown}
 g - a potion of heal wounds {unknown}
 k - a potion of ambrosia
 m - a potion of mutation {unknown}
 v - a potion of curing {unknown}
 w - a potion of haste {unknown}
Comestibles
 b - 4 bread rations
 i - 2 slices of pizza
 o - a chunk of flesh
 s - a meat ration


   Skills:
 - Level 3.0 Fighting
 - Level 2.6 Dodging
 + Level 2.5 Stealth
 + Level 7.0 Unarmed Combat


You had 5 spell levels left.
You didn't know any spells.

Dungeon Overview and Level Annotations

Branches:
Dungeon (5/15)             Temple (1/1) D:4

Altars:
Ashenzari
Cheibriados
Dithmenos
Fedhas
Gozag
Kikubaaqudgha
Makhleb
Pakellas
Qazlal
Xom
The Shining One

Annotations:
D:4 Blork the orc; Dowan; Duvessa; Menkaure; Natasha; Sigmund
D:5 miniluv's ghost, novice HuIE


Innate Abilities, Weirdness & Mutations

You have hoof-like feet.
You are slightly more attuned to the shadows.


Message History

You are confused.
You feel invigorated. Menkaure misses you.
You barely miss Menkaure. Your kick misses Menkaure.
Menkaure is moderately damaged.
Menkaure calls on the powers of darkness!
Your body is wracked with pain!
* * * LOW HITPOINT WARNING * * *
Menkaure hits you!
* * * LOW HITPOINT WARNING * * *
Drink which item? (? for menu, Esc to quit)
Okay, then.
Menkaure giggles, "These cerements are ticklish..."
Menkaure calls on the powers of darkness!
Your body is wracked with pain!
* * * LOW HITPOINT WARNING * * *
Menkaure points at you and mumbles some strange words.
You barely resist.
Menkaure points at you and mumbles some strange words.
Pain shoots through your body!
You die...

.. ..#############
.. ####..........$..
...#....#...........
..#....#...@M......
..'....#...........
#....'...........
#....#...........
##....############
#..........
#..........
#..........
####'##############


You could see Menkaure.

Vanquished Creatures
  An orc priest (D:3)
  Crazy Yiuf (D:3)
  2 jellies
  A hound (D:4)
  Ijyb (D:3)
  An orc wizard (D:3)
  Robin (D:3)
  8 adders
  2 worms
  3 giant geckos
  10 orcs
  A ball python (D:1)
  6 bats
  2 giant cockroaches
  14 goblins
  10 hobgoblins
  14 jackals
  6 giant newts
  3 kobolds
  2 quokkas (D:2)
  15 rats
104 creatures vanquished.

Notes
Turn   | Place    | Note
--------------------------------------------------------------
     0 | D:1      | benitares the Demonspawn Monk began the quest for the Orb.
     0 | D:1      | Reached XP level 1. HP: 18/18 MP: 1/1
   194 | D:1      | Reached skill level 4 in Unarmed Combat
   474 | D:1      | Gained mutation: You are slightly more attuned to the shadows. [demonic ancestry]
   474 | D:1      | Reached XP level 2. HP: 18/24 MP: 2/2
  1219 | D:2      | Gained mutation: You have large cloven feet. [demonic ancestry]
  1219 | D:2      | Reached XP level 3. HP: 29/29 MP: 3/3
  1484 | D:2      | Reached skill level 5 in Unarmed Combat
  1761 | D:2      | Reached XP level 4. HP: 35/35 MP: 4/4
  1854 | D:2      | Found a blossoming altar of Fedhas.
  2408 | D:3      | Reached XP level 5. HP: 22/41 MP: 5/5
  2630 | D:3      | Noticed Ijyb
  2687 | D:4      | Found a staircase to the Ecumenical Temple.
  2797 | Temple   | Entered the Ecumenical Temple
  2822 | Temple   | Became a worshipper of Dithmenos the Shadowed
  2822 | Temple   | Reached * piety under Dithmenos
  2822 | Temple   | Reached ** piety under Dithmenos
  2920 | D:4      | Noticed Natasha
  2920 | D:4      | Noticed Blork the orc
  2931 | D:4      | Noticed Duvessa
  2931 | D:4      | Noticed Dowan
  2931 | D:4      | Noticed a phantom
  2932 | D:4      | Noticed Sigmund
  3127 | D:3      | Noticed Robin
  3145 | D:3      | Killed Robin
  3149 | D:3      | Reached skill level 6 in Unarmed Combat
  3842 | D:3      | Noticed Crazy Yiuf
  3854 | D:3      | Killed Crazy Yiuf
  3938 | D:3      | Killed Ijyb
  3944 | D:3      | Gained mutation: You have hoof-like feet. [demonic ancestry]
  3944 | D:3      | Reached XP level 6. HP: 38/47 MP: 6/6
  4225 | D:5      | Entered Level 5 of the Dungeon
  4226 | D:5      | Noticed miniluv's ghost (novice HuIE)
  4582 | D:4      | Reached skill level 7 in Unarmed Combat
  4658 | D:4      | Noticed Menkaure
  4671 | D:4      | Killed from afar by Menkaure

Vault maps used:
D:1:      ncdulo_wetmaze
D:2:      fedhas_altar_2, minmay_tree_intersection
D:3:      uniq_iyjb, uniq_crazy_yiuf_cottage, uniq_robin
D:4:      temple_hall, uniq_menkaure, uniq_duvessa, uniq_blork_the_orc,
          uniq_natasha, uniq_sigmund
D:5:      nicolae_ru_the_path_less_chosen, first_bread, johnstein_pakellas_shop,
          uniq_eustachio
Temple:   grunt_circular_temple_18

Action                   |  1- 3 |  4- 6 || total
-------------------------+-------+-------++-------
Melee: Unarmed           |   114 |   220 ||   334
  Use: Scroll            |       |     5 ||     5
       Potion            |       |     1 ||     1
 Stab: Sleeping          |     7 |    11 ||    18
       Distracted        |     1 |     1 ||     2
  Eat: Chunk             |     2 |     9 ||    11
       Fruit             |       |     1 ||     1
